 Dungeon Crawl Stone Soup version 0.27.0-1-g7a089689b8 (webtiles) character file.

Game seed: 11736200373446008860

3140 Leibowitz the Slasher (level 9, -4/74 HPs)
             Began as a Demigod Fighter on Aug 10, 2021.
             Splashed by an orc wizard's acid (11 damage)
             ... on level 8 of the Dungeon.
             The game lasted 00:13:40 (7366 turns).

Leibowitz the Slasher (Demigod Fighter)             Turns: 7366, Time: 00:13:41

Health: -4/74      AC: 14    Str: 25    XL:     9   Next: 35%
Magic:  11/11      EV:  9    Int: 10    God:
Gold:   434        SH: 11    Dex: 21    Spells: 8/8 levels left

rFire    . . .     SeeInvis .   a - +8 falchion of Dahecvuc {vorpal, rN+ Dex+4}
rCold    . . .     Faith    .   c - +0 kite shield
rNeg     + + .     Spirit   .   v - +0 chain mail
rPois    .         Reflect  .   b - +0 helmet
rElec    .         Harm     .   F - +0 cloak
rCorr    .         Rampage  .   (no gloves)
Will     .....                  H - +0 pair of boots
Stlth    ..........             (no amulet)
HPRegen  0.22/turn              N - ring of positive energy
MPRegen  0.12/turn              (no ring)

@: no status effects
A: high mp 1, forlorn
a: no special abilities


You were on level 8 of the Dungeon.
You visited 2 branches of the dungeon, and saw 9 of its levels.

You collected 434 gold pieces.

Inventory:

Hand Weapons
 a - the +8 falchion of Dahecvuc (weapon) {vorpal, rN+ Dex+4}
   (You found it on level 4 of the Dungeon)

   It inflicts extra damage upon your enemies.
   Dex:       It affects your dexterity (+4).
   rN:        It protects you from negative energy.
 s - a +0 long sword
Missiles
 p - 5 poisoned darts (quivered)
 K - a throwing net
Armour
 b - a +0 helmet (worn)
 c - a +0 kite shield (worn)
 v - a +0 chain mail (worn)
 F - a +0 cloak (worn)
 H - a +0 pair of boots (worn)
Jewellery
 N - a ring of positive energy (left hand)
Wands
 o - a wand of digging (2)
 u - a wand of flame (28)
 y - a wand of acid (8)
 E - a wand of mindburst (9)
Scrolls
 e - 2 scrolls of noise {unknown}
 f - 2 scrolls of fear {unknown}
 h - a scroll of vulnerability {unknown}
 i - 10 scrolls of identify {unknown}
 l - 7 scrolls of teleportation {unknown}
 n - 2 scrolls of holy word {unknown}
 t - a scroll of amnesia {unknown}
 x - a scroll of enchant armour {unknown}
 B - a scroll of enchant weapon {unknown}
 D - a scroll of torment {unknown}
 G - a scroll of fog {unknown}
 L - a scroll of immolation {unknown}
 M - a scroll of magic mapping {unknown}
Potions
 d - a potion of might
 g - a potion of lignification {unknown}
 j - 3 potions of heal wounds {unknown}
 k - 2 potions of berserk rage {unknown}
 m - 3 potions of degeneration {unknown}
 q - 2 potions of flight
 r - 2 potions of cancellation {unknown}
 w - a potion of attraction {unknown}
 z - 2 potions of curing {unknown}
 A - 2 potions of haste {unknown}
 C - 2 potions of resistance {unknown}
 I - a potion of mutation {unknown}
 J - a potion of invisibility {unknown}


   Skills:
 * Level 5.1 Fighting
 * Level 7.4 Long Blades
 + Level 0.3 Throwing
 * Level 6.4 Armour
 * Level 4.0 Dodging
 * Level 5.9 Shields
 + Level 0.9 Evocations


You had 8 spell levels left.
You didn't know any spells.
Your spell library contained the following spells:

 Spells                   Type           Power      Damage    Failure   Level
 Apportation              Tloc           0%         N/A       100%        1
 Passwall                 Tmut/Erth      0%         N/A       100%        2
 Call Canine Familiar     Summ           0%         N/A       100%        3
 Portal Projectile        Hex/Tloc       0%         N/A       100%        3
 Summon Guardian Golem    Hex/Summ       0%         N/A       100%        3
 Swiftness                Air            0%         N/A       100%        3
 Hailstorm                Conj/Ice       0%         3d3       100%        4
 Ice Form                 Ice/Tmut       0%         N/A       100%        4
 Leda's Liquefaction      Hex/Erth       0%         N/A       100%        4
 Alistair's Intoxication  Tmut/Pois      0%         N/A       100%        5
 Invisibility             Hex            0%         N/A       100%        6
 Simulacrum               Ice/Necr       0%         N/A       100%        6
 Orb of Destruction       Conj           0%         N/A       100%        7
 Spellforged Servitor     Conj/Summ      0%         N/A       100%        7


Dungeon Overview and Level Annotations

Branches:
Dungeon (8/15)             Temple (1/1) D:5
   Lair: D:8-11

Shops:
D:2 (

Annotations:
D:4 2 transporters, dracos369's ghost, amateur OgWr
D:8 Maggie


Innate Abilities, Weirdness & Mutations

Your attributes grow dramatically as you level up.
You have an increased reservoir of magic. (+10% MP)
You shall have no god before yourself.


Message History

Deactivating autopickup; reactivate with Ctrl-A.
A gnoll comes into view. It is wielding a +0 whip.
The gnoll shouts!
You hear a shout! x2
A gnoll comes into view. It is wielding a +2 flail of draining.
The gnoll shouts!
A gnoll comes into view. It is wielding a +0 flail.
A magic dart appears from out of thin air!
The magic dart hits you.
An orc comes into view. It is wielding a +0 club.
You hear a zap.
A bolt of acid appears from out of thin air!
The bolt of acid hits you!
You are splashed with acid!
The orc shouts!
The orc priest invokes the aid of Beogh against you.
Beogh smites you!
The gnoll throws a throwing net.
The throwing net hits you.
You become entangled in the net!
You see here a throwing net.
You tear a large gash into the net.
You shred the net and break free! Something hits you.
An orc comes into view. It is wielding a +0 club.
The orc shouts!
The orc moves out of view.
You hear some strange, mumbled words.
A magic dart appears from out of thin air!
The magic dart hits you but does no damage.
You block the orc priest's attack. The gnoll hits you with a +0 flail!
* * * LOW HITPOINT WARNING * * *
You block the gnoll's attack. You block the gnoll's attack.
You hear a zap.
A bolt of acid appears from out of thin air!
The bolt of acid hits the gnoll!
The gnoll is splashed with acid!
The acid corrodes the gnoll!
The gnoll dies!
The bolt of acid hits you!
* * * LOW HITPOINT WARNING * * *
You are splashed with acid!
You die...

##.#####....####..........#####
.)..........# #......###..#
.#..#.......###......# ##.#
###.#.####.###..###### #.#
##.#.#........)# #.#
#......##..##..# #.#
#...#####......# #.# #.#.
....... ...####<### #.. #.#.
.#...####### #.@.# #. #...
.....# ###.## #. ##.g ......
#.)### #. .... .##... ##..{##
#.#.#g# . ###.# ###o.# ...#g#
##g#####.##.# #.g.#...##.#
###.#.#..#.## #oo..#..o.#


You could see 2 gnolls and an orc.

Vanquished Creatures
  Harold (D:7)
  Pikel (D:8)
  Grinder (D:6)
  An orc warrior (D:7)
  An ice beast (D:6)
  2 sky beasts (D:6)
  A black bear (D:5)
  An ogre (D:5)
  A centaur (D:8)
  A bullfrog (D:7)
  A phantom (D:7)
  A scorpion (D:5)
  A gnoll sergeant (D:8)
  4 killer bees
  4 wights (D:7)
  A hound (D:5)
  2 jellies (D:7)
  3 centaur skeletons
  Ijyb (D:4)
  3 iguanas
  3 orc wizards
  A killer bee zombie (D:8)
  2 hound skeletons (D:4)
  8 gnolls
  7 adders
  A shadow imp (D:6)
  A white imp (D:8)
  2 worms
  15 orcs
  An endoplasm (D:2)
  3 giant cockroaches
  12 goblins
  2 hobgoblins
  10 jackals
  2 quokkas (D:1)
  6 ball pythons
  5 bats
  3 frilled lizards
  11 kobolds
  8 rats
135 creatures vanquished.

Vanquished Creatures (others)
  A gnoll (D:8)
1 creature vanquished.

Grand Total: 136 creatures vanquished

Notes
Turn   | Place    | Note
-------+----------+-------------------------------------------
     0 | D:1      | Leibowitz the Demigod Fighter began the quest for the Orb.
     0 | D:1      | Reached XP level 1. HP: 18/18 MP: 3/3
   378 | D:1      | Reached XP level 2. HP: 25/25 MP: 4/4
   441 | D:1      | Reached skill level 2 in Long Blades
  1136 | D:2      | You fall into a shaft and drop 1 floor!
  1141 | D:3      | Reached XP level 3. HP: 25/31 MP: 5/5
  1485 | D:2      | Found Fepn's Antique Weapon Shop.
  1635 | D:2      | Reached skill level 1 in Dodging
  1858 | D:3      | Reached XP level 4. HP: 20/38 MP: 6/6
  2649 | D:4      | Noticed Ijyb
  2656 | D:4      | Reached skill level 3 in Long Blades
  2680 | D:4      | Killed Ijyb
  2831 | D:4      | Reached XP level 5. HP: 45/45 MP: 7/7
  2873 | D:4      | Found a transporter.
  2888 | D:4      | Noticed dracos369's ghost (amateur OgWr)
  2888 | D:4      | Identified the +9 dire flail of Fawut {venom, Will+ Stlth+}
  2888 | D:4      | Noticed an ogre
  2964 | D:4      | Found a transporter.
  2977 | D:4      | Identified the +8 falchion of Dahecvuc {vorpal, rN+ Dex+4}
  3607 | D:5      | Entered Level 5 of the Dungeon
  3767 | D:5      | Reached XP level 6. HP: 40/51 MP: 8/8
  4036 | D:5      | Reached skill level 4 in Long Blades
  4249 | D:5      | Found a staircase to the Ecumenical Temple.
  4255 | Temple   | Entered the Ecumenical Temple
  4650 | D:6      | Reached XP level 7. HP: 58/58 MP: 9/9
  4826 | D:6      | Reached skill level 5 in Long Blades
  5096 | D:6      | Noticed Grinder
  5100 | D:6      | Paralysed by Grinder for 5 turns
  5115 | D:6      | Killed Grinder
  5544 | D:7      | Reached XP level 8. HP: 67/67 MP: 10/10
  5605 | D:7      | Noticed Harold
  5628 | D:7      | Killed Harold
  5629 | D:7      | Reached skill level 6 in Long Blades
  5629 | D:7      | Reached skill level 5 in Armour
  5629 | D:7      | Reached skill level 5 in Shields
  6500 | D:7      | Reached XP level 9. HP: 66/73 MP: 11/11
  6740 | D:8      | Noticed Maggie
  7026 | D:8      | Reached skill level 7 in Long Blades
  7056 | D:8      | Noticed Pikel
  7070 | D:8      | Killed Pikel
  7071 | D:8      | Reached skill level 5 in Fighting
  7366 | D:8      | Splashed by an orc wizard's acid

Illustrated notes

Levels and vault maps discovered:
D:1:      dpeg_arrival_subterranean_lakeside_camping, layout_basic,
          basic_ecumenical_altar
D:2:      layout_rooms, serial_shops, nicolae_shop_behind_doors
D:3:      layout_rooms
D:4:      layout_rooms, gammafunk_ghost_smash, uniq_ijyb
D:5:      layout_basic, mainiacjoe_overflow_surrounded_room,
          minmay_temple_entry_enclosed_plants
D:6:      layout_cave_pools, nicolae_sif_muna_little_library, fedhas_altar_1,
          uniq_grinder
D:7:      layout_loops_corners, uniq_harold
D:8:      layout_rooms, nicolae_vehumet_radiance, old_standard_altar,
          grunt_ogre_cave, uniq_pikel, uniq_maggie
Temple:   eino_wide_crystal_templ

Skill      XL: |  1  2  3  4  5  6  7  8  9 |
---------------+----------------------------+-----
Long Blades    | 2 3 4 5 6 7 |  7.4
Shields        | 3 4 5 |  5.9
Fighting       | 3 4 5 |  5.1
Armour         | 3 4 6 |  6.4
Dodging        | 1 2 3 4 |  4.0
Throwing       | |  0.3
Evocations     | |  0.9

Action                   |  1- 3 |  4- 6 |  7- 9 || total
-------------------------+-------+-------+-------++-------
Melee: Long sword        |   183 |    89 |       ||   272
       Falchion          |       |    67 |   155 ||   222
Throw: Dart              |       |     7 |     2 ||     9
Evoke: Wand              |       |       |    14 ||    14
  Use: Potion            |       |       |     2 ||     2
Armor: Scale mail        |    76 |    37 |       ||   113
       Chain mail        |       |    25 |    67 ||    92
Dodge: Dodged            |    77 |    37 |    47 ||   161
Block: Kite shield       |   109 |    99 |    90 ||   298
       Rpst.: Long sword |    21 |     8 |       ||    29
       Falchion          |       |     4 |     9 ||    13
